 Dungeon Crawl Stone Soup version 0.21-a0-414-gba8bdf1 (webtiles) character file.

147 Oirien the Shooter (level 5, -1/42 HPs)
             Began as a Centaur Hunter on Nov 2, 2017.
             Killed from afar by an orc wizard (4 damage)
             ... with a magic dart
             ... on level 3 of the Dungeon.
             The game lasted 00:19:35 (2509 turns).

Oirien the Shooter (Centaur Hunter)                 Turns: 2509, Time: 00:19:36

Health: -1/42      AC:  4    Str: 13 (14) XL:     5   Next: 8%
Magic:  5/5        EV: 10    Int:  9 (10) God:
Gold:   186        SH:  0    Dex: 13 (14) Spells: 4/4 levels left

rFire    . . .     SeeInvis .   b - +0 short sword
rCold    . . .     Gourm    .   (no shield)
rNeg     . . .     Faith    .   r - +0 leather armour {MR+}
rPois    .         Spirit   .   (no helmet)
rElec    .         Reflect  .   (no cloak)
rCorr    .         Harm     .   (no gloves)
MR       +....                  (no barding)
Stlth    +.........             (no amulet)
HPRegen  0.14/turn              h - +3 ring of dexterity
MPRegen  0.09/turn              (no ring)

@: very quick
A: hooves 3, deformed body, speed 2, tough skin 3
a: no special abilities


You were on level 3 of the Dungeon.
You were not hungry.

You visited 1 branch of the dungeon, and saw 4 of its levels.

You collected 186 gold pieces.

Inventory:

Hand Weapons
 a - a +1 shortbow
 b - a +0 short sword (weapon)
 l - a +2 dagger of protection
Armour
 c - a +0 leather armour
 r - a +0 leather armour of magic resistance (worn)
Jewellery
 h - a +3 ring of dexterity (left hand)
Scrolls
 e - 2 scrolls of identify
 i - 2 scrolls of amnesia {unknown}
 k - 2 scrolls of fog {unknown}
 n - a scroll of recharging {unknown}
Potions
 g - 2 potions of haste {unknown}
 m - a potion of mutation
 q - a potion of brilliance {unknown}
 u - a potion of might
Comestibles
 d - a royal jelly
 f - 4 bread rations
 o - 4 fruits
 p - 2 meat rations


   Skills:
 + Level 2.6 Fighting
 - Level 0.1 Short Blades
 * Level 7.4 Bows
 - Level 0.9 Armour
 + Level 1.8 Dodging
 + Level 0.4 Stealth


You had 4 spell levels left.
You didn't know any spells.

Dungeon Overview and Level Annotations

Branches:
Dungeon (4/15)
 Temple: D:4-7

Altars:
Ru

Annotations:
D:4 Sigmund


Innate Abilities, Weirdness & Mutations

You have hooves in place of feet.
Armour fits poorly on your strangely shaped body.
You cover ground very quickly.
You have extremely tough skin. (AC +3)


Message History

The orc closely misses you.
The orc wizard hits you but does no damage.
You hit the orc wizard.
The orc wizard is heavily wounded.
The orc hits you with a hand axe.
* * * LOW HITPOINT WARNING * * *
The orc wizard hits you with a dagger.
* * * LOW HITPOINT WARNING * * *
You hit the orc wizard.
The orc wizard is severely wounded.
The orc wizard hits you with a dagger.
* * * LOW HITPOINT WARNING * * *
The orc hits you with a hand axe.
* * * LOW HITPOINT WARNING * * *
The orc wizard hits you but does no damage.
You barely miss the orc wizard. You kick the orc wizard.
The orc wizard is almost dead.
The orc wizard gestures at you while chanting.
The magic dart hits you!
You die...

#...#....# #.# #.#
.....#...###.#####.#
.o....(o##.........##########
...[.#(.(o.#.................
#.? #...####.####..#####.####
. #....# #.####..# #.####
#..#...# #.......# #.....
#...#..# #o###...# ######
..#.....# #@# #..## ...#...##
#o###..## .. .=. #.#....o#
#.#.###.# ### #.).# #o# #..
###.###.# #.#
#.o...########.#
###..###........
#......##.##.#


You could see an orc wizard and an orc.

Vanquished Creatures
  An orc wizard (D:3)
  5 adders
  An ooze (D:3)
  2 dart slugs
  6 orcs (D:3)
  5 giant cockroaches
  9 goblins
  5 hobgoblins
  3 jackals (D:1)
  A ball python (D:2)
  8 bats
  3 frilled lizards
  7 kobolds
  7 rats
63 creatures vanquished.

Notes
Turn   | Place    | Note
-------+----------+-------------------------------------------
     0 | D:1      | Oirien the Centaur Hunter began the quest for the Orb.
     0 | D:1      | Reached XP level 1. HP: 17/17 MP: 1/1
   198 | D:1      | Reached XP level 2. HP: 24/24 MP: 2/2
   228 | D:1      | Reached skill level 6 in Bows
  1047 | D:2      | Reached XP level 3. HP: 29/29 MP: 3/3
  1108 | D:2      | Found a sacrificial altar of Ru.
  1252 | D:2      | Reached skill level 7 in Bows
  1793 | D:3      | Reached XP level 4. HP: 33/36 MP: 4/4
  1964 | D:2      | Found a sacrificial altar of Ru.
  2472 | D:3      | Reached XP level 5. HP: 17/42 MP: 5/5
  2499 | D:4      | Noticed Sigmund
  2509 | D:3      | Killed from afar by an orc wizard

Vault maps used:
D:1:      ncdulo_wetmaze, hangedman_decor_points
D:2:      lemuel_coloured_pillars_altar, first_bread,
          nicolae_ru_sacrificial_ziggurat
D:3:      minmay_splitting_lines, minmay_close_crescents
D:4:      minmay_wonky_spiral, uniq_sigmund

Skill      XL: |  1  2  3 |
---------------+----------+-----
Bows           | 6 7 |  7.4
Fighting       | |  2.6
Short Blades   | |  0.1
Armour         | |  0.9
Dodging        | |  1.8
Stealth        | |  0.4

Action                   |  1- 3 |  4- 6 || total
-------------------------+-------+-------++-------
Melee: Shortbow          |    30 |       ||    30
       Kick              |     6 |    16 ||    22
       Short sword       |     3 |    53 ||    56
 Fire: Shortbow          |    91 |    31 ||   122
  Use: Scroll            |     4 |     3 ||     7
       Potion            |     1 |     1 ||     2
  Eat: Chunk             |     1 |     1 ||     2
       Royal jelly       |       |     1 ||     1
Armor: Leather armour    |    26 |    22 ||    48
Dodge: Dodged            |    36 |    30 ||    66

Table legend:
 A = Spawn XP
 B = Non-spawn XP
 C = Spawn XP percentage of total XP
 D = Spawn monster count
 E = Non-spawn monster count
 F = Spawn count percentage of total count
 G = Total turns spent on level
                    A         B        C        D         E        F      G
               +---------+---------+-------+---------+---------+-------+---------
         Total |       0 |     211 |   0.0 |       0 |      63 |   0.0 |  2509
               +---------+---------+-------+---------+---------+-------+---------
           D:1 |       0 |      34 |   0.0 |       0 |      20 |   0.0 |  1166
           D:2 |       0 |      74 |   0.0 |       0 |      23 |   0.0 |   931
           D:3 |       0 |     103 |   0.0 |       0 |      20 |   0.0 |   410
               +---------+---------+-------+---------+---------+-------+---------
